 Dungeon Crawl Stone Soup version 0.31-a0-1119-gf6f8548 (webtiles) character file.

Game seed: 2460787613482577002

49145 PidgeyThePirate the Brawler (level 13, -15/104 HPs)
             Began as a Demigod Shapeshifter on Dec 4, 2023.
             Killed from afar by a hell knight (30 damage)
             ... with a bolt of fire
             ... in a volcano.
             The game lasted 01:01:18 (24901 turns).

PidgeyThePirate the Brawler (Demigod Shapeshifter) Turns: 24901, Time: 01:01:19

Health: -15/104    AC:  8    Str: 19    XL:     13   Next: 79%
Magic:  22/22      EV: 16    Int: 20    God:
Gold:   2143       SH:  6    Dex: 17    Spells: 16/20 levels left

rFire   . .          .
                       - Unarmed
rCold   . . .        e - +1 buckler
rNeg    . . .        r - melded +4 ring mail {Will+}
rPois   .            (no helmet)
rElec   .            (no cloak)
rCorr   .            (no gloves)
SInv    .            (no boots)
Will    +....        (no amulet)
Stlth   +++          J - +4 ring of protection
HPRegen 0.37/turn    g - +4 ring of protection
MPRegen 0.18/turn

%: no passive effects
@: mighty, maw-form, studying 2 skills
A: devouring maw, high MP 1, forlorn, divine attributes
a: Begin Untransformation


You were in a volcano.
You were a creature with a mouth for a stomach.
You visited 2 branches of the dungeon, and saw 17 of its levels.
You also visited: Sewer and Volcano.

You collected 2655 gold pieces.
You spent 512 gold pieces at shops.

Inventory:

Hand Weapons
 s - a +0 demon whip of venom
Missiles
 p - 2 throwing nets
Armour
 a - a +0 animal skin
 e - a +1 buckler (worn)
 i - +0 steam dragon scales
 r - a +4 ring mail of willpower (melded)
 H - a scarf of invisibility
Jewellery
 b - a ring of resist corrosion
 f - a ring of positive energy
 g - a +4 ring of protection (right hand)
 u - an amulet of magic regeneration
 y - the amulet of Elemental Vulnerability {rPois rF-- rC-- AC+8}
   (You found it on level 5 of the Dungeon)

   [amulet of nothing]

   AC+8:      It affects your AC (+8).
   rF--:      It makes you very vulnerable to fire.
   rC--:      It makes you very vulnerable to cold.
   rPois:     It protects you from poison
 C - a ring of positive energy
 J - a +4 ring of protection (left hand)
Talismans
 c - a beast talisman
 d - a flux talisman
 F - a maw talisman (active)
 L - a serpent talisman
Wands
 l - a wand of acid (22)
 E - a wand of digging (4)
 M - a wand of mindburst (10)
Scrolls
 h - 2 scrolls of enchant weapon
 k - 5 scrolls of fog
 m - a scroll of silence
 o - a scroll of amnesia
 t - 3 scrolls of immolation
 x - 2 scrolls of poison
 z - 2 scrolls of brand weapon
 A - 4 scrolls of teleportation
 B - 4 scrolls of revelation
 D - 3 scrolls of vulnerability
 G - 2 scrolls of enchant armour
 I - a scroll of torment
 K - a scroll of fear
 N - 3 scrolls of noise
Potions
 j - 3 potions of enlightenment
 n - 2 potions of cancellation
 q - 3 potions of invisibility
 v - 2 potions of attraction
 w - a potion of mutation


   Skills:
 + Level 6.6 Fighting
 + Level 9.7 Armour
 + Level 8.0 Dodging
 + Level 3.8 Stealth
 + Level 4.1 Shields
 + Level 15.0 Unarmed Combat
 - Level 4.0 Spellcasting
 - Level 4.0 Hexes
 + Level 10.0 Shapeshifting


You had 16 spell levels left.
You knew the following spells:

 Your Spells              Type           Power      Damage    Failure   Level
a - Slow                  Hex            80%        N/A       3%          1
b - Confusing Touch       Hex            20%        N/A       9%          3

Your spell library contained the following spells:

 Spells                   Type           Power      Damage    Failure   Level
 Jinxbite                 Hex            40%        N/A       4%          2
 Sigil of Binding         Hex            20%        N/A       9%          3
 Ensorcelled Hibernation  Hex/Ice        24%        N/A       11%         2
 Blink                    Tloc           8%         N/A       24%         2
 Lesser Beckoning         Tloc           8%         N/A       24%         2
 Momentum Strike          Conj/Tloc      8%         3d8       24%         2
 Vampiric Draining        Necr           4%         2d6       43%         3
 Anguish                  Hex/Necr       6%         N/A       56%         4
 Olgreb's Toxic Radiance  Pois           4%         N/A       83%         4
 Alistair's Intoxication  Tmut/Pois      2%         N/A       99%         5
 Borgnjor's Vile Clutch   Necr/Erth      2%         N/A       99%         5
 Eringya's Noxious Bog    Tmut/Pois      2%         4d6       100%        6
 Discord                  Hex            10%        N/A       100%        8
 Ignition                 Fire           2%         3d3       100%        8


Dungeon Overview and Level Annotations

Branches:
Dungeon (13/15)            Temple (0/1) D:6            Lair (4/5) D:11
 Shoals (0/4) Lair:3       Spider (0/4) Lair:2        Slime (0/5) Lair:4
    Orc (0/2) D:12          Sewer (visited)         Volcano (1/1)
 Vaults: D:13-14

Shops:
D:4 [   D:5 [   D:9 *

Annotations:
Lair:2 exclusion: oklob plant
Lair:4 3 runed translucent doors, Doldom's ghost, journeyman FeBe; Teyrex's ghost, journeyman DsMo


Innate Abilities, Weirdness & Mutations

You are a creature with a mouth for a stomach.
Your midsection houses a second, enormous mouth.
You have an increased reservoir of magic. (+10% MP)
You shall have no god before yourself.
Your divine heritage dramatically boosts your attributes as you level up.


Message History

The air gets thick with the scent of sulphur.
In the distance, the volcano erupts with a roar.
Something unseen opens the large door.
You sense a monster nearby.
A hell knight is nearby!
A hell knight is nearby!
A hell knight is nearby!
A hell knight is nearby!
The hell knight utters an invocation to its god.
The hell knight seems to speed up.
The air gets thick with the scent of sulphur.
Okay, then.
A centaur comes into view.
It is wielding a +2 shortbow of flaming.
The hell knight mumbles some strange prayers to its god against you.
The bolt of fire hits you!!!
The centaur shouts!
You feel very mighty all of a sudden.
The centaur shoots an arrow.
You block the arrow.
In the distance, the volcano erupts with a roar.
The hell knight hits you with a +1 broad axe of flaming!
* * * LOW HITPOINT WARNING * * *
The hell knight burns you.
* * * LOW HITPOINT WARNING * * *
You hit the hell knight. You bite the hell knight.
The hell knight is lightly wounded.
You block the hell knight's attack.
You hit the hell knight but do no damage.
The hell knight is lightly wounded.
The centaur unwields a +2 shortbow of flaming.
It stops flaming.
The centaur completely misses you. The centaur closely misses you.
The hell knight hits you with a +1 broad axe of flaming!
* * * LOW HITPOINT WARNING * * *
The hell knight burns you.
* * * LOW HITPOINT WARNING * * *
You pummel the centaur!!
You devour half of the centaur!
You feel better.
You kill the centaur!
The hell knight mumbles some strange prayers to its god against you.
The bolt of fire hits you!!
You die...

≈≈# #8...8# #§
≈≈≈###....§###§≈
#≈§§≈≈....§§§≈≈§
##§≈≈§8...8§§≈≈≈
###≈≈.....≈≈≈≈≈#
#≈≈.....≈≈≈###
##≈8...8≈≈≈#
##)p...####
#.W...# #8...8#
#.....# #.....#
#8...8# #.....#
#.....# #8...8#
#.....#


You could see a hell knight (fast).

Vanquished Creatures
  A hydra (Lair:2)
  3 centaur warriors
  3 two-headed ogres
  Urug (D:11)
  A deep elf knight (D:13)
  An occultist (D:10)
  Amaemon (Lair:1)
  A skeletal warrior (D:12)
  An orb spider (Lair:2)
  A lindwurm (Lair:4)
  Pikel (D:7)
  3 harpies (Lair:3)
  A deep elf pyromancer (D:12)
  An orc knight (D:12)
  An ugly thing (D:12)
  3 manticores
  A cyclops (D:12)
  9 elephants (Lair:3)
  4 centaur skeletons (D:13)
  3 black mambas
  2 gargoyles (D:13)
  7 cane toads
  Maggie (D:7)
  An orange demon (Lair:1)
  2 rime drakes
  9 komodo dragons
  A tengu conjurer (D:8)
  A meliai (D:13)
  A polar bear (Lair:1)
  2 hornets (D:10)
  3 trolls
  18 blink frogs
  2 dream sheep (Lair:2)
  Sigmund (D:6)
  A shadow (D:10)
  2 wraiths
  A vampire (D:13)
  2 basilisks
  65 yaks
  6 wyverns
  Grum (D:9)
  2 steam dragons
  5 vampire mosquitoes
  3 wargs (D:12)
  12 water moccasins
  2 acid dragons (D:11)
  4 orc warriors
  A sky beast (D:6)
  2 ice beasts
  A boggart (D:13)
  2 ogres
  9 wolves
  A lemure (D:6)
  8 centaurs
  7 kobold brigands
  12 bullfrogs
  A gnoll sergeant (D:12)
  4 scorpions
  14 wights
  3 killer bees (D:10)
  8 jellies
  An electric eel (Lair:3)
  2 howler monkeys
  11 orc priests
  2 gnoll boudas
  2 hounds (D:5)
  3 iguanas (D:5)
  19 orc wizards
  A mummy (D:4)
  7 gnolls
  3 river rats (Sewer)
  7 adders
  A white imp (D:8)
  6 ufetubi
  A worm (D:2)
  2 dart slugs
  31 orcs
  13 endoplasms
  7 giant cockroaches
  11 goblins
  4 hobgoblins
  A jackal (Sewer)
  2 quokkas (D:1)
  3 ball pythons
  11 bats
  12 kobolds
  8 rats
442 creatures vanquished.

Vanquished Creatures (others)
  A jelly (Lair:4)
1 creature vanquished.

Grand Total: 443 creatures vanquished

Notes
Turn   | Place    | Note
-------+----------+-------------------------------------------
     0 | D:1      | PidgeyThePirate the Demigod Shapeshifter began the quest
                  | for the Orb.
     0 | D:1      | Reached XP level 1. HP: 15/15 MP: 3/3
   237 | D:1      | Reached XP level 2. HP: 17/22 MP: 4/4
   409 | D:1      | Reached skill level 3 in Unarmed Combat
   741 | D:1      | Reached XP level 3. HP: 27/27 MP: 5/5
  1283 | D:2      | Reached skill level 1 in Fighting
  1551 | D:3      | Reached XP level 4. HP: 25/35 MP: 6/6
  1638 | D:3      | Found a glowing drain.
  1662 | Sewer    | Entered a sewer
  1801 | Sewer    | Noticed a kobold brigand
  1805 | Sewer    | Noticed a kobold brigand
  1818 | Sewer    | Killed a kobold brigand
  1819 | Sewer    | Reached skill level 4 in Unarmed Combat
  1819 | Sewer    | Reached XP level 5. HP: 38/40 MP: 7/7
  2129 | Sewer    | Reached skill level 1 in Stealth
  2129 | Sewer    | Reached skill level 1 in Shields
  2639 | D:3      | Reached XP level 6. HP: 39/47 MP: 8/8
  2960 | D:4      | Found Sableodi's Armour Emporium.
  3465 | D:5      | Entered Level 5 of the Dungeon
  3475 | D:5      | Reached skill level 5 in Unarmed Combat
  3560 | D:5      | Identified 2 scrolls of acquirement
  3592 | D:4      | Acquired 1024 gold pieces
  3723 | D:4      | Acquired a manual of Armour
  3742 | D:5      | Reached XP level 7. HP: 36/53 MP: 9/9
  3871 | D:5      | Found Cygugg's Armour Boutique.
  3880 | D:5      | Bought a +4 ring mail of willpower for 372 gold pieces
  4388 | D:5      | Reached skill level 6 in Unarmed Combat
  4539 | D:5      | Found the amulet of Elemental Vulnerability {rPois rF--
                  | rC-- AC+8}
  5374 | D:6      | Reached skill level 1 in Armour
  5386 | D:6      | Reached XP level 8. HP: 51/61 MP: 10/10
  5512 | D:6      | Found a staircase to the Ecumenical Temple.
  5785 | D:6      | Reached skill level 5 in Shapeshifting
  5900 | D:6      | Noticed Sigmund
  5920 | D:6      | Killed Sigmund
  5921 | D:6      | Reached skill level 7 in Unarmed Combat
  6390 | D:7      | Noticed Pikel
  6407 | D:7      | Noticed Maggie
  6582 | D:7      | Noticed a troll
  6614 | D:7      | Gained mutation: You do not regenerate when monsters are
                  | visible. [potion of mutation]
  6614 | D:7      | Gained mutation: Armour fits poorly on your strangely
                  | shaped body. [potion of mutation]
  6614 | D:7      | Gained mutation: Your mind is acute. (Int +4, Str/Dex -1)
                  | [potion of mutation]
  6618 | D:7      | Killed a troll
  6809 | D:7      | Killed Maggie
  6810 | D:7      | Reached XP level 9. HP: 24/67 MP: 11/11
  7014 | D:7      | Killed Pikel
  7015 | D:7      | Reached skill level 5 in Dodging
  7015 | D:7      | Reached skill level 8 in Unarmed Combat
  8629 | D:8      | Lost mutation: You do not regenerate when monsters are
                  | visible. [potion of mutation]
  8629 | D:8      | Lost mutation: Armour fits poorly on your strangely shaped
                  | body. [potion of mutation]
  8629 | D:8      | Gained mutation: You are weak. (Str -2) [potion of
                  | mutation]
  8629 | D:8      | Gained mutation: Armour fits poorly on your strangely
                  | shaped body. [potion of mutation]
  8629 | D:8      | Gained mutation: Your mind is very acute. (Int +8, Str/Dex
                  | -2) [potion of mutation]
  8630 | D:8      | Lost mutation: Your mind is very acute. (Int +8, Str/Dex
                  | -2) [potion of mutation]
  8630 | D:8      | Lost mutation: Armour fits poorly on your strangely shaped
                  | body. [potion of mutation]
  8630 | D:8      | Lost mutation: Your mind is acute. (Int +4, Str/Dex -1)
                  | [potion of mutation]
  8630 | D:8      | Gained mutation: Armour fits poorly on your strangely
                  | shaped body. [potion of mutation]
  8630 | D:8      | Lost mutation: You are weak. (Str -2) [potion of mutation]
  8630 | D:8      | Lost mutation: Armour fits poorly on your strangely shaped
                  | body. [potion of mutation]
  8820 | D:8      | Noticed a tengu conjurer
  8821 | D:8      | Noticed a centaur warrior
  8840 | D:8      | Killed a centaur warrior
  8841 | D:8      | Reached skill level 5 in Armour
  8841 | D:8      | Reached skill level 9 in Unarmed Combat
  8841 | D:8      | Reached XP level 10. HP: 32/77 MP: 13/13
  9346 | D:9      | Found Ahaet's Assorted Antiques.
  9347 | D:9      | Acquired 565 gold pieces
  9670 | D:9      | Noticed a two-headed ogre
  9686 | D:9      | Killed a two-headed ogre
  9812 | D:9      | Bought a blackened iron wand for 112 gold pieces
  9812 | D:9      | Bought a scroll labelled DEOTTI IMUTOHI for 28 gold pieces
 10340 | D:9      | Reached skill level 10 in Unarmed Combat
 11140 | D:9      | Noticed Grum
 11157 | D:9      | Killed Grum
 11607 | D:10     | Entered Level 10 of the Dungeon
 11753 | D:10     | Noticed a two-headed ogre
 11762 | D:10     | Killed a two-headed ogre
 11763 | D:10     | Reached XP level 11. HP: 34/84 MP: 14/14
 11969 | D:10     | Paralysed by a hornet for 3 turns
 12738 | D:10     | Reached skill level 11 in Unarmed Combat
 12968 | D:10     | Learned a level 1 spell: Slow
 12972 | D:10     | Learned a level 3 spell: Confusing Touch
 13181 | D:11     | Noticed an occultist
 13181 | D:11     | Noticed a centaur warrior
 13191 | D:10     | Killed a centaur warrior
 13252 | D:10     | Killed an occultist
 13253 | D:10     | Reached skill level 1 in Spellcasting
 13253 | D:10     | Reached skill level 1 in Hexes
 14009 | D:11     | Found a staircase to the Lair.
 14753 | D:11     | Noticed a two-headed ogre
 14769 | D:11     | Killed a two-headed ogre
 15863 | D:12     | Found a staircase to the Orcish Mines.
 16135 | D:12     | Reached skill level 5 in Fighting
 16135 | D:12     | Reached XP level 12. HP: 94/94 MP: 20/20
 16359 | D:12     | Reached skill level 12 in Unarmed Combat
 16749 | D:13     | HP: 3/94 [skeletal warrior/+0 long sword (19)]
 17444 | D:13     | Noticed a centaur warrior
 17470 | D:13     | Noticed a centaur warrior
 17848 | D:13     | Noticed a seven-headed hydra
 17867 | D:13     | HP: 2/94 [meliai/divine providence (9)]
 18264 | Lair:1   | Entered Level 1 of the Lair of Beasts
 19190 | Lair:1   | Reached skill level 13 in Unarmed Combat
 19362 | Lair:1   | Noticed Urug
 19401 | Lair:1   | HP: 2/94 [cane toad (5)]
 19748 | D:11     | Killed Urug
 20003 | Lair:1   | Noticed Amaemon
 20055 | Lair:1   | Killed Amaemon
 20735 | Lair:2   | Reached XP level 13. HP: 92/101 MP: 22/22
 20886 | Lair:2   | Found a hole to the Spider Nest.
 22555 | Lair:3   | Found a staircase to the Shoals.
 22798 | Lair:3   | Reached skill level 14 in Unarmed Combat
 23079 | Lair:3   | Reached skill level 10 in Shapeshifting
 24392 | Lair:4   | Found a staircase to the Slime Pits.
 24572 | Lair:4   | Reached skill level 15 in Unarmed Combat
 24610 | Lair:4   | Found a runed translucent gate.
 24611 | Lair:4   | Found a runed translucent gate.
 24612 | Lair:4   | Found a runed translucent gate.
 24613 | Lair:4   | Noticed Doldom's ghost (journeyman FeBe)
 24614 | Lair:4   | Noticed Teyrex's ghost (journeyman DsMo)
 24712 | Lair:4   | Found a dark tunnel.
 24718 | Volcano  | Entered a volcano
 24901 | Volcano  | Killed from afar by a hell knight

Illustrated notes

Levels and vault maps discovered:
D:1:      dpeg_arrival_lava_altar, layout_basic, st_stairs_6
D:2:      layout_rooms, minmay_box_of_dots
D:3:      layout_rooms, overflow_temple_1_default, nzn_hepliaklqana_mist_gate,
          portal_sewer_entry_d, basic_ecumenical_altar
D:4:      layout_gridville, slow_altar_1, kennysheep_little_box, serial_shops,
          shop
D:5:      layout_basic, kennysheep_mini_moat, mainiacjoe_overflow_tiny_flanked,
          mainiacjoe_overflow_catwalk_spiral, nicolae_overflow_hidden_temple,
          serial_shops, nicolae_shop_getting_attention
D:6:      layout_basic, minmay_temple_entry_large_hall, dk_vineyard_1,
          uniq_sigmund
D:7:      layout_basic, uniq_maggie, uniq_pikel
D:8:      layout_cave_pools, grunt_gozag_breadcrumbs,
          dreamdust_princess_corridor, kennysheep_minor_cross,
          minmay_curled_crystal, minmay_manual_mandibuliform
D:9:      layout_grid_maze, serial_shops, shop, uniq_grum
D:10:     nicolae_cairo_tiling_very_big, layout_basic
D:11:     layout_roguey, erik_lair_dragon, chequers_serial_rivers_small_3,
          chequers_serial_rivers_room_b
D:12:     layout_cave_pools, minmay_orc_entry_guard_dogs
D:13:     layout_loops_ring, hangedman_vaults_entry_quadrant_bands
Lair:1:   layout_hall_layers, grunt_megastairs_4, uniq_urug, uniq_amaemon
Lair:2:   minmay_lair_oklob_chamber, layout_gridlike,
          nicolae_spider_entry_orb_guardian, dreamdust_gnoll_shepherd
Lair:3:   layout_roguey, nicolae_shoals_entry_roost, st_stairs_9
Lair:4:   layout_concentric_octagons, nicolae_slime_entry_slimehenge,
          enter_volcano_1, gammafunk_ghost_cemetery
Volcano:  kennysheep_volcano_temple

Skill      XL: |  1  2  3  4  5  6  7  8  9 10 11 12 13 |
---------------+----------------------------------------+-----
Shapeshifting  | 3 4 5 6 7 8 9 10 | 10.0
Unarmed Combat | 3 4 5 6 7 9 10 11 13 15 | 15.0
Dodging        | 2 3 4 5 6 7 8 |  8.0
Fighting       | 1 2 3 4 5 6 |  6.6
Stealth        | 1 2 3 |  3.8
Shields        | 1 2 3 4 |  4.1
Armour         | 1 3 5 6 8 9 |  9.7
Spellcasting   | 3 4 |  4.0
Hexes          | 3 4 |  4.0

Action                     |  1- 3 |  4- 6 |  7- 9 | 10-12 | 13-15 || total
---------------------------+-------+-------+-------+-------+-------++-------
  Melee: Unarmed           |   162 |   195 |   448 |   970 |   461 ||  2236
         Maw               |       |       |       |       |    24 ||    24
   Cast: Confusing Touch   |       |       |       |     1 |       ||     1
    Use: Potion            |       |     7 |    11 |     8 |     3 ||    29
         Scroll            |       |     8 |     1 |    19 |       ||    28
   Stab: Sleeping          |     2 |       |     1 |       |     1 ||     4
         Distracted        |       |     1 |     1 |       |       ||     2
         Invisible         |       |       |     3 |       |     1 ||     4
         Confused          |       |       |       |     4 |       ||     4
 Armour: Animal skin       |    93 |   131 |     3 |       |       ||   227
         Skin              |       |     2 |       |    24 |    44 ||    70
         Ring mail         |       |       |   291 |   766 |   319 ||  1376
  Dodge: Dodged            |   107 |   139 |   228 |   702 |   353 ||  1529
  Block: Buckler           |    27 |    60 |   117 |    19 |     7 ||   230
   Form: Flux              |       |       |       |     1 |       ||     1
         Maw               |       |       |       |       |     1 ||     1

Table legend: (Time is in decaauts)
 A = Elapsed time spent in this place.
 B = Non-inter-level travel time spent in this place.
 C = Inter-level travel time spent in this place.
 D = Time resting spent in this place.
 E = Time spent auto-exploring this place.
 F = Levels seen in this place.
 G = Mean time per level.
                   A        B        C        D        E       F      G
               +--------+--------+--------+--------+--------+-----+--------+
         Total |  24678 |  23109 |   1569 |      0 |  17871 |  19 | 1298.8 |
       Dungeon |  17984 |  16557 |   1427 |      0 |  13088 |  13 | 1383.4 |
          Lair |   5853 |   5711 |    142 |      0 |   4321 |   4 | 1463.2 |
         Sewer |    658 |    658 |      0 |      0 |    340 |   1 |  658.0 |
       Volcano |    181 |    181 |      0 |      0 |    121 |   1 |  181.0 |
               +--------+--------+--------+--------+--------+-----+--------+

Top non-repeatable levels by time:
    D:11: 2668 daAuts
     D:8: 2376 daAuts
  Lair:1: 2158 daAuts
  Lair:2: 1792 daAuts
    D:10: 1748 daAuts
  Lair:3: 1725 daAuts
    D:12: 1688 daAuts
     D:5: 1667 daAuts
     D:9: 1514 daAuts
     D:7: 1321 daAuts
     D:6: 1040 daAuts
     D:1: 1012 daAuts
    D:13: 906 daAuts
     D:4: 880 daAuts
     D:3: 697 daAuts
